 Dungeon Sprint DCSS version 0.16-a0-3540-gcd4db26 (webtiles) character file.

6780 BluebellGnoll the Frost Mage (level 11, -7/61 HPs)
             Began as an Octopode Ice Elementalist on Jan 9, 2015.
             Was the Champion of Vehumet.
             Mangled by a merfolk
             ... wielding a +0 trident
              (16 damage)
             ... in the Dungeon (Sprint V: "Ziggurat Sprint").
             The game lasted 00:20:11 (836 turns).

BluebellGnoll the Frost Mage (OpIE)                  Turns: 836, Time: 00:20:12

Health: -7/61      AC: 10    Str: 28    XL:     11   Next: 5%
Magic:  6/41       EV: 11    Int: 32    God:    Vehumet [******]
Gold:   0          SH:  0    Dex: 25    Spells: 9 memorised, 6 levels left

rFire  . . .     SeeInvis +     K - +14 obsidian axe {chop, +Fly Str+3 SInv Curse} (curse)
rCold  . . .     Clarity  +     L - +18 shield of the gong {rElec rN+ MR+ EV-5}
rNeg   + + .     SustAb   .     M - +0 hat
rPois  .         Gourm    .     b - amulet of the Four Winds {Clar rN+ MR+++}
rElec  +         Spirit   .     m - +6 ring of dexterity
rCorr  .         Warding  .     n - +6 ring of dexterity
rMut   .         NoTele   +     o - +6 ring of intelligence
MR     ++++.                    p - +6 ring of intelligence
Stlth  ++++......               q - +6 ring of strength
                                r - +6 ring of strength
                                N - ring of magical power
                                Z - ring of Shaolin {EV+8}

@: mighty, icy armour, mesmerised, held, studying Long Blades, incredibly
resistant to hostile enchantments, stealthy
A: almost no armour, amphibious, 8 rings, constrict 8, camouflage 1, gelatinous
body 1
a: Renounce Religion, Evoke Flight


You were in the Dungeon.
You worshipped Vehumet.
Vehumet was exalted by your worship.
You were hungry.

You visited 1 branch

Inventory:

Hand weapons
 K - the cursed +14 obsidian axe (weapon) {chop, +Fly Str+3 SInv Curse}
   (You found it in the Dungeon)

   It inflicts extra damage upon your enemies.
   It affects your strength (+3).
   It enhances your eyesight.
   It lets you fly.
   It may recurse itself when equipped.
   It has a curse placed upon it.
Missiles
 T - 2 throwing nets (quivered)
Armour
 L - the +18 shield of the gong (worn) {rElec rN+ MR+ EV-5}
   (You found it in the Dungeon)

   It affects your evasion (-5).
   It insulates you from electricity.
   It protects you from negative energy.
   It affects your resistance to hostile enchantments.
 M - a +0 hat (worn)
Magical staves
 s - an uncursed staff of energy
Rods
 Q - a +7 rod of clouds (12/12)
   (You found it in the Dungeon)
Jewellery
 b - the amulet of the Four Winds (around mantle) {Clar rN+ MR+++}
   (You found it in the Dungeon)

   [amulet of clarity]

   It provides mental clarity.
   It protects you from negative energy.
   It affects your resistance to hostile enchantments.
 m - a +6 ring of dexterity (left tentacle)
 n - a +6 ring of dexterity (right tentacle)
 o - a +6 ring of intelligence (on tentacle)
 p - a +6 ring of intelligence (on tentacle)
 q - a +6 ring of strength (on tentacle)
 r - a +6 ring of strength (on tentacle)
 N - a ring of magical power (on tentacle)
 P - an uncursed amulet of stasis
 Y - an uncursed ring of fire
 Z - the ring of Shaolin (on tentacle) {EV+8}
   (You found it in the Dungeon)

   [ring of evasion]

   It affects your evasion (+8).
Magical devices
 a - a wand of disintegration (7)
 j - a wand of fire (5)
 k - a wand of cold (5)
 l - a wand of draining (5)
Scrolls
 i - 4 scrolls of blinking
 w - 4 scrolls of amnesia
 x - 3 scrolls of recharging
 y - 7 scrolls of fog
 z - a scroll of holy word
 A - 5 scrolls of identify
 B - 5 scrolls of remove curse
 C - 2 scrolls of fear
 U - a scroll of brand weapon
Potions
 d - 10 potions of curing
 e - 6 potions of heal wounds
 f - 5 potions of haste
 g - 7 potions of magic
 h - 3 potions of berserk rage
 D - a potion of brilliance
 E - 2 potions of invisibility
 F - 2 potions of restore abilities
 G - 4 potions of resistance
 I - 4 potions of agility
 J - 4 potions of might
Books
 V - a manual of Long Blades
 W - the Collected Works on Self-Improvement and Calling
   (You found it in the Dungeon)

   Spells                             Type                      Level
   a - Summon Small Mammal            Summoning                    1
   b - Ozocubu's Armour               Charms/Ice                   3
   c - Excruciating Wounds            Charms/Necromancy            5
   d - Shadow Creatures               Summoning                    5
   e - Deflect Missiles               Charms/Air                   6
Miscellaneous
 t - a disc of storms
 H - 2 lamps of fire (-19 inert)
 O - a fan of gales (-23 inert)
 R - an ornate deck of defence
 S - a phantom mirror
 X - a stone of tremors
Comestibles
 c - 5 bread rations
 u - 42 fruits
 v - 4 meat rations


   Skills:
 - Level 7.4 Dodging
 - Level 2.6 Stealth
 - Level 8.3 Shields
 * Level 13.3 Spellcasting
 - Level 7.4 Conjurations
 - Level 13.3 Ice Magic
 - Level 7.5 Air Magic
 * Level 10.1 Evocations


You had 6 spell levels left.
You knew the following spells:

 Your Spells              Type           Power        Failure   Level  Hunger
a - Freeze                Ice            ####         0%          1    None
b - Throw Frost           Conj/Ice       ######       1%          2    None
c - Ozocubu's Armour      Chrm/Ice       ######..     1%          3    None
d - Summon Ice Beast      Ice/Summ       ######..     1%          4    None
e - Throw Icicle          Conj/Ice       ######..     1%          4    None
f - Summon Lightning Spi  Summ/Air       #####...     10%         4    None
g - Mephitic Cloud        Conj/Pois/Air  ######..     1%          3    None
h - Dazzling Spray        Conj/Hex       #####...     1%          3    None
l - Freezing Cloud        Conj/Ice/Air   ######....   3%          6    ####...


Dungeon Overview and Level Annotations

Branches:
Dungeon (1/1)

Altars:
Ashenzari
Cheibriados
Dithmenos
Elyvilon
Fedhas
Gozag
Kikubaaqudgha
Makhleb
Nemelex Xobeh
Okawaru
Qazlal
Ru
Sif Muna
Trog
Vehumet
Xom
Yredelemnul
Zin
The Shining One
Beogh
Jiyva
Lugonu


Innate Abilities, Weirdness & Mutations

You cannot wear most types of armour.
You are amphibious.
You can wear up to eight rings at the same time.
You can use your tentacles to constrict many enemies at once.
Your skin changes colour to match your surroundings (Stealth).
Your rubbery body absorbs attacks (AC +1).


Message History

You kill the merfolk!
Vehumet accepts your kill.
You feel your power returning.
Visions of slaying the merfolk flood into your mind.
You are engulfed in noxious fumes.
The merfolk hits you from afar with a trident!
* * * LOW HITPOINT WARNING * * *
Unknown command.
Casting: Throw Icicle
Confirm with . or Enter, or press ? or * to list all spells.
Aiming: Throw Icicle
Press: ? - help, Shift-Dir - straight line, f - merfolk
Aim: a merfolk, wielding a trident (severely wounded, mesmerising)
The shard of ice hits the merfolk.
The merfolk is almost dead.
You are engulfed in noxious fumes.
You choke on the stench!
You feel momentarily confused.
* * * LOW HITPOINT WARNING * * *
The merfolk hits you from afar with a trident!
You die...

8©8
..§§§:§..
▓...§§§}§.▓
▓...§§§§§.▓
▓.....§§§.▓
▓..§......▓
▓...§§m...▓
▓...§§....▓
▓..§§@....▓
▓▓▓▓▓▓▓▓▓▓▓


You could see a merfolk.

Vanquished Creatures
  2 spriggan druids (D)
  4 draconians (D)
  A polar bear (D)
  2 merfolk (D)
  A blue devil (D)
  2 fire elementals (D)
  A hippogriff (D)
  2 hell hounds (D)
  A wolf (D)
  A phantom (D)
  3 black bears (D)
  An ice beast (D)
  A wasp (D)
  3 necrophages (D)
  A centaur (D)
  A wight (D)
  A quasit (D)
  An iguana (D)
  2 sheep (D)
  A shadow imp (D)
  A white imp (D)
  An ufetubus (D)
  An adder skeleton (D)
  2 adder zombies (D)
  A bat zombie (D)
  A ball python skeleton (D)
  A jackal zombie (D)
40 creatures vanquished.

Vanquished Creatures (collateral kills)
  A blue devil (D)
  7 merfolk (D)
  A polar bear (D)
  2 freezing wraiths (D)
  A tarantella (D)
  A necrophage (D)
  An ice beast (D)
  An iron imp (D)
  A sheep (D)
  A ball python zombie (D)
17 creatures vanquished.

Vanquished Creatures (others)
  A fire elemental (D)
  A lightning spire (D)
2 creatures vanquished.

Grand Total: 59 creatures vanquished

Notes
Turn   | Place    | Note
--------------------------------------------------------------
     0 | D        | BluebellGnoll, the Octopode Ice Elementalist, began the quest for the Orb.
     0 | D        | Reached XP level 1. HP: 11/11 MP: 3/3
     0 | D        | Found a viscous altar of Jiyva.
     0 | D        | Found a corrupted altar of Lugonu.
     0 | D        | Found a white marble altar of Elyvilon.
     2 | D        | Found a sparkling altar of Nemelex Xobeh.
     2 | D        | Found a burning altar of Makhleb.
     2 | D        | Found a deep blue altar of Sif Muna.
     3 | D        | Found a bloodstained altar of Trog.
     6 | D        | Found an iron altar of Okawaru.
    21 | D        | Found a radiant altar of Vehumet.
    23 | D        | Found a basalt altar of Yredelemnul.
    31 | D        | Found a shimmering altar of Xom.
    51 | D        | Became a worshipper of Vehumet
    57 | D        | Reached skill level 7 in Shields
    57 | D        | Reached XP level 2. HP: 17/17 MP: 4/4
    58 | D        | Entered arena 1.
    58 | D        | Noticed an iguana
    61 | D        | Killed an iguana
    61 | D        | Reached XP level 3. HP: 21/21 MP: 5/8
    77 | D        | Learned a level 2 spell: Throw Frost
    81 | D        | Learned a level 3 spell: Ozocubu's Armour
    84 | D        | Entered arena 2.
    84 | D        | Noticed a quasit
    87 | D        | Acquired Vehumet's first power
    87 | D        | Offered knowledge of Sandblast by Vehumet.
    91 | D        | Killed a quasit
    91 | D        | Reached skill level 5 in Ice Magic
    91 | D        | Reached XP level 4. HP: 27/27 MP: 9/11
    98 | D        | Entered arena 3.
    98 | D        | Noticed a necrophage
    98 | D        | Noticed a necrophage
   107 | D        | Killed a necrophage
   107 | D        | Reached skill level 5 in Spellcasting
   107 | D        | Reached XP level 5. HP: 31/31 MP: 3/15
   108 | D        | Killed a necrophage
   108 | D        | Acquired Vehumet's second power
   108 | D        | Reached skill level 8 in Ice Magic
   108 | D        | Reached XP level 6. HP: 36/36 MP: 4/19
   117 | D        | Entered arena 4.
   117 | D        | Noticed a draconian
   117 | D        | Noticed a draconian
   117 | D        | Noticed a draconian
   117 | D        | Noticed a draconian
   122 | D        | Killed a draconian
   122 | D        | Reached skill level 10 in Ice Magic
   122 | D        | Reached XP level 7. HP: 41/41 MP: 8/23
   125 | D        | Killed a draconian
   125 | D        | Reached skill level 12 in Ice Magic
   125 | D        | Reached XP level 8. HP: 46/46 MP: 8/25
   127 | D        | Killed a draconian
   127 | D        | Reached skill level 10 in Spellcasting
   129 | D        | Killed a draconian
   129 | D        | Acquired Vehumet's third power
   129 | D        | Reached skill level 13 in Ice Magic
   129 | D        | Reached XP level 9. HP: 41/51 MP: 10/28
   140 | D        | Learned a level 4 spell: Throw Icicle
   146 | D        | Learned a level 4 spell: Summon Ice Beast
   236 | D        | Entered arena 5.
   236 | D        | Noticed a merfolk
   236 | D        | Noticed a merfolk
   236 | D        | Noticed a merfolk
   236 | D        | Noticed a merfolk
   236 | D        | Noticed a merfolk
   243 | D        | Killed a merfolk
   245 | D        | Killed a merfolk
   247 | D        | Killed a merfolk
   247 | D        | Reached skill level 5 in Dodging
   248 | D        | Killed a merfolk
   248 | D        | Reached skill level 5 in Evocations
   249 | D        | Killed a merfolk
   266 | D        | Identified Roxanne's Volume of the Mountains (You found it in the Dungeon)
   274 | D        | Learned a level 3 spell: Mephitic Cloud
   281 | D        | Learned a level 6 spell: Freezing Cloud
   282 | D        | Identified the Collected Works on Self-Improvement and Calling (You found it in the Dungeon)
   399 | D        | Entered arena 6.
   399 | D        | Noticed a phantom
   399 | D        | Noticed a wight
   399 | D        | Noticed a necrophage
   399 | D        | Noticed a necrophage
   405 | D        | Killed a necrophage
   405 | D        | Offered knowledge of Flame Tongue by Vehumet.
   405 | D        | Reached skill level 1 in Air Magic
   407 | D        | Killed a necrophage
   410 | D        | Killed a wight
   413 | D        | Killed a phantom
   434 | D        | Entered arena 7.
   434 | D        | Noticed a spriggan druid
   434 | D        | Noticed a wolf
   434 | D        | Noticed a black bear
   434 | D        | Noticed a black bear
   434 | D        | Noticed a spriggan druid
   434 | D        | Noticed a black bear
   437 | D        | Killed a wolf
   438 | D        | Killed a spriggan druid
   438 | D        | Reached skill level 5 in Conjurations
   438 | D        | Reached skill level 5 in Air Magic
   438 | D        | Reached XP level 10. HP: 56/56 MP: 29/29
   438 | D        | Killed a spriggan druid
   439 | D        | Killed a black bear
   441 | D        | Killed a black bear
   443 | D        | Killed a black bear
   578 | D        | Learned a level 4 spell: Summon Lightning Spire
   580 | D        | Entered arena 8.
   580 | D        | Noticed an iron imp
   580 | D        | Noticed a hell hound
   580 | D        | Noticed a hell hound
   585 | D        | Killed a hell hound
   586 | D        | Killed an iron imp
   587 | D        | Killed a hell hound
   765 | D        | Entered arena 9.
   765 | D        | Noticed a blue devil
   765 | D        | Noticed an ice beast
   765 | D        | Noticed a blue devil
   765 | D        | Noticed a freezing wraith
   765 | D        | Noticed a polar bear
   765 | D        | Noticed a polar bear
   765 | D        | Noticed a freezing wraith
   765 | D        | Noticed an ice beast
   765 | D        | Noticed a wasp
   768 | D        | Killed a blue devil
   768 | D        | Offered knowledge of Dazzling Spray by Vehumet.
   770 | D        | Killed an ice beast
   770 | D        | Killed a freezing wraith
   771 | D        | Killed a wasp
   772 | D        | Killed a blue devil
   774 | D        | Killed an ice beast
   774 | D        | Killed a polar bear
   775 | D        | Killed a freezing wraith
   778 | D        | Killed a polar bear
   809 | D        | Learned a level 3 spell: Dazzling Spray
   820 | D        | Entered arena 10.
   820 | D        | Noticed a merfolk
   820 | D        | Noticed a merfolk
   820 | D        | Noticed a centaur
   820 | D        | Noticed a hippogriff
   820 | D        | Noticed a merfolk
   820 | D        | Noticed a merfolk
   820 | D        | Noticed a merfolk
   821 | D        | Noticed a tarantella
   822 | D        | Offered knowledge of Static Discharge by Vehumet.
   823 | D        | Killed a centaur
   824 | D        | Killed a tarantella
   825 | D        | Killed a merfolk
   825 | D        | Killed a hippogriff
   826 | D        | Killed a merfolk
   833 | D        | Killed a merfolk
   833 | D        | Reached skill level 10 in Evocations
   833 | D        | Reached XP level 11. HP: 27/61 MP: 16/32
   835 | D        | Killed a merfolk
   836 | D        | Mangled by a merfolk

Action                   |  1- 3 |  4- 6 |  7- 9 | 10-12 || total
-------------------------+-------+-------+-------+-------++-------
Melee: Broad axe         |     6 |     4 |    21 |    10 ||    41
 Cast: Throw Frost       |       |     4 |       |     2 ||     6
       Freeze            |       |     1 |       |       ||     1
       Throw Icicle      |       |       |     3 |    11 ||    14
       Freezing Cloud    |       |       |     2 |     2 ||     4
       Ozocubu's Armour  |       |       |     1 |     1 ||     2
       Summon Ice Beast  |       |       |     1 |       ||     1
       Summon Lightning  |       |       |       |     2 ||     2
       Mephitic Cloud    |       |       |       |     2 ||     2
Evoke: Lamp of fire      |       |     1 |     1 |     4 ||     6
       Fan of gales      |       |     1 |     1 |       ||     2
  Use: Potion            |     4 |       |     2 |     4 ||    10
 Stab: Sleeping          |       |     1 |       |       ||     1
